 Dungeon Crawl Stone Soup version 0.32-a0-42-ga30500b4d3 (webtiles) character file.

Game seed: 15893995497927850011

249 Dittersdorf the Shield-Bearer (level 6, -5/39 HPs)
             Began as a Gargoyle Fighter on Jan 29, 2024.
             Killed by divine providence
             ... invoked by an orc priest
              (14 damage)
             ... on level 4 of the Dungeon.
             The game lasted 00:03:44 (2558 turns).

Dittersdorf the Shield-Bearer (Gargoyle Fighter)    Turns: 2558, Time: 00:03:45

Health: -5/39      AC: 12    Str: 21    XL:     6   Next: 12%
Magic:  6/6        EV:  9    Int:  9    God:
Gold:   212        SH:  9    Dex:  9    Spells: 5/5 levels left

rFire   . . .        a - +0 flail
rCold   . . .        c - +0 buckler
rNeg    + . .        b - +0 scale mail
rPois   ∞            (no helmet)
rElec   +            (no cloak)
rCorr   .            r - +0 pair of gloves
SInv    .            (no boots)
Will    .....        s - amulet of reflection Stlth
                     (no ring)
HPRegen 0.26/turn    (no ring)
MPRegen 0.10/turn

%: reflection
@: no status effects
A: sickness immunity, AC +4, negative energy resistance 1, electricity
resistance, torment resistance 1, petrification resistance
a: no special abilities


You were on level 4 of the Dungeon.
You visited 1 branch of the dungeon, and saw 4 of its levels.

You collected 212 gold pieces.

Inventory:

Hand Weapons
 a - a +0 flail (weapon)
Armour
 b - a +0 scale mail (worn)
 c - a +0 buckler (worn)
 r - a +0 pair of gloves (worn)
Jewellery
 s - an amulet of reflection (around neck)
Scrolls
 e - a scroll of enchant armour {unknown}
 f - 2 scrolls of revelation
 h - a scroll of teleportation {unknown}
 i - a scroll of torment {unknown}
 n - a scroll of amnesia {unknown}
 q - a scroll of immolation {unknown}
Potions
 d - a potion of might
 g - 2 potions of mutation
 j - 4 potions of berserk rage
 l - a potion of brilliance
 o - a potion of enlightenment
 p - a potion of haste


   Skills:
 + Level 4.5 Fighting
 + Level 3.5 Maces & Flails
 + Level 4.6 Armour
 + Level 4.6 Shields


You had 5 spell levels left.
You didn't know any spells.
Your spell library was empty.

Dungeon Overview and Level Annotations

Branches:
Dungeon (4/15)
 Temple: D:4-7

Altars:
Hepliaklqana
Kikubaaqudgha

Portals:
Sewer: D:4


Innate Abilities, Weirdness & Mutations

You are immune to sickness and miasma.
Your stone body is resilient. (AC +4)
You are immune to poison.
You resist negative energy. (rN+)
You are resistant to electric shocks. (rElec)
You are resistant to unholy torment.
You are immune to petrification.


Message History

The stream of webbing hits you but does no damage.
You are caught in a web!
You hit the ribbon worm.
You kill the ribbon worm!
You barely miss the ribbon worm.
The ribbon worm bites you but does no damage.
You sock the ribbon worm!
The ribbon worm is heavily wounded.
You block the ribbon worm's attack.
You hit the ribbon worm.
The ribbon worm is heavily wounded.
You block the ribbon worm's attack.
You hit the ribbon worm.
The ribbon worm is almost dead.
The ribbon worm bites you but does no damage.
You hit the ribbon worm.
The ribbon worm is almost dead.
You block the ribbon worm's attack.
You sock the ribbon worm!
You kill the ribbon worm!
You now have 212 gold pieces (gained 4).
Things that are here:
a ribbon worm corpse; an adder corpse; a hobgoblin corpse You hear the slow rusting of a drain very nearby.
A goblin comes into view. It is wielding a +0 club.
The goblin shouts!
An orc priest comes into view. It is wielding a +0 short sword.
The orc priest shouts!
The orc priest moves out of view.
An orc comes into view. It is wielding a +0 mace.
An orc wizard comes into view. It is wielding a +0 dagger.
The orc shouts!
The orc priest calls down the wrath of Beogh upon you.
Beogh smites you!
* * * LOW HITPOINT WARNING * * *
Things that are here:
a ribbon worm corpse; an adder corpse; a hobgoblin corpse The orc priest calls down the wrath of Beogh upon you.
Beogh smites you!
You die...

.........#.#*** ******,,,,,,,,**
....).....,,,,* *,,,,,,,,,,,,,,*
........##,,,,****,***,,,,,,,,,,*
oo###.###***,,,,**,###..........#
.....o### **,,,*#.###..........#
.......o### ***,,...............#
).#####...### ***#.##..........##
.........o..######..............#
..............g†@..###..........#
......).......####.###..........#
.).>......###............†<.....#
..........# ####...............$.
..........# #...[...........##
..........# #...............##
########### #########.......>.
##########...## ###############


You could see an orc priest and a goblin.

Vanquished Creatures
  A black bear (D:4)
  A bombardier beetle (D:3)
  A river rat (D:4)
  4 adders
  2 dart slugs
  3 ribbon worms
  5 orcs
  4 endoplasms
  3 goblins
  8 hobgoblins
  3 jackals (D:2)
  3 kobolds (D:3)
  6 quokkas
  8 ball pythons
  3 bats
  3 frilled lizards (D:1)
  5 rats
63 creatures vanquished.

Notes
Turn   | Place    | Note
-------+----------+-------------------------------------------
     0 | D:1      | Dittersdorf the Gargoyle Fighter began the quest for the
                  | Orb.
     0 | D:1      | Reached XP level 1. HP: 14/14 MP: 1/1
   137 | D:1      | Reached XP level 2. HP: 19/19 MP: 2/2
   476 | D:1      | Found a faded altar of an unknown god.
   673 | D:2      | Reached XP level 3. HP: 20/23 MP: 3/3
  1010 | D:2      | Found a hazy altar of Hepliaklqana.
  1129 | D:2      | Found an ancient bone altar of Kikubaaqudgha.
  1766 | D:3      | Reached XP level 4. HP: 29/29 MP: 4/4
  1895 | D:3      | Identified the +2 hand axe "Lazaos" {chaos, rPois rCorr
                  | Dex+2}
  2056 | D:3      | Identified the +4 trident of Honour {antimagic, Fly}
  2317 | D:3      | Reached XP level 5. HP: 33/33 MP: 5/5
  2400 | D:4      | Noticed a black bear
  2413 | D:4      | Killed a black bear
  2468 | D:4      | Found a glowing drain.
  2472 | D:4      | Reached XP level 6. HP: 36/39 MP: 6/6
  2507 | D:4      | HP: 1/39 [river rat (6)]
  2558 | D:4      | Killed from afar by an orc priest

Illustrated notes

Levels and vault maps discovered:
D:1:      lightli_arrival_boilingwater, layout_basic,
          hellmonk_ecumenical_altar_zigzags
D:2:      wad_woods_stonehenge, layout_loops_corners, basic_altar
D:3:      layout_basic
D:4:      layout_rooms, cheibrodos_sewer_entry_sluice

Skill      XL: |  1  2  3  4 |
---------------+-------------+-----
Shields        | 4 |  4.6
Fighting       | 4 |  4.5
Maces & Flails | 3 |  3.5
Armour         | 4 |  4.6

Action                     |  1- 3 |  4- 6 || total
---------------------------+-------+-------++-------
  Melee: Flail             |   136 |    91 ||   227
    Use: Scroll            |       |     8 ||     8
         Potion            |       |     1 ||     1
 Armour: Scale mail        |   144 |    94 ||   238
  Dodge: Dodged            |    78 |    37 ||   115
  Block: Buckler           |    48 |    46 ||    94

Table legend: (Time is in decaauts)
 A = Elapsed time spent in this place.
 B = Non-inter-level travel time spent in this place.
 C = Inter-level travel time spent in this place.
 D = Time resting spent in this place.
 E = Time spent auto-exploring this place.
 F = Levels seen in this place.
 G = Mean time per level.
                   A        B        C        D        E       F      G
               +--------+--------+--------+--------+--------+-----+--------+
         Total |   2628 |   2577 |     51 |      0 |   1968 |   4 |  657.0 |
       Dungeon |   2628 |   2577 |     51 |      0 |   1968 |   4 |  657.0 |
               +--------+--------+--------+--------+--------+-----+--------+

Top non-repeatable levels by time:
     D:2: 951 daAuts
     D:3: 816 daAuts
     D:1: 689 daAuts
     D:4: 171 daAuts
